 Dungeon Crawl Stone Soup version 0.26-b1-32-g5d43845318 (webtiles) character file.

Game seed: 16584261156807079651

13 sanka the Sneak (level 2, 0/17 HPs)
             Began as a Halfling Enchanter on Jan 8, 2021.
             Slain by a kobold (2 damage)
             ... on level 1 of the Dungeon.
             The game lasted 00:01:44 (769 turns).

sanka the Sneak (Halfling Enchanter)                 Turns: 769, Time: 00:01:45

Health: 0/17       AC:  2    Str:  9    XL:     2   Next: 50%
Magic:  2/5        EV: 15    Int: 13    God:
Gold:   13         SH:  0    Dex: 14    Spells: 2/5 levels left

rFire    . . .     SeeInvis .   a - +1 dagger
rCold    . . .     Faith    .   (shield restricted)
rNeg     . . .     Spirit   .   b - +0 robe
rPois    .         Reflect  .   (no helmet)
rElec    .         Harm     .   (no cloak)
rCorr    .         Rampage  .   (no gloves)
Will     .....                  (no boots)
Stlth    ++........             (no amulet)
HPRegen  0.05/turn              (no ring)
MPRegen  0.09/turn              (no ring)

@: no status effects
A: small, mutation resistance 1
a: no special abilities


You were on level 1 of the Dungeon.
You visited 1 branch of the dungeon, and saw 1 of its levels.

You collected 13 gold pieces.


Innate Abilities, Weirdness & Mutations

You are small and have problems with some larger weapons.
You are somewhat resistant to further mutation.


   Skills:
 - Level 1.2 Short Blades
 - Level 2.1 Dodging
 - Level 3.2 Stealth
 - Level 2.0 Spellcasting
 + Level 2.7 Hexes


You had 2 spell levels left.
You knew the following spells:

 Your Spells              Type           Power        Failure   Level
z - Ensorcelled Hibernat  Hex/Ice        8%           22%         2
Z - Corona                Hex            8%           9%          1

Your spell library contained the following spells:

 Spells                   Type           Power        Failure   Level
 Confusing Touch          Hex            8%           24%         3
 Tukima's Dance           Hex            8%           24%         3
 Dazzling Flash           Conj/Hex       8%           41%         3

Inventory:

Hand Weapons
 a - a +1 dagger (weapon)
Armour
 b - a +0 robe (worn)
Scrolls
 d - a scroll of remove curse {unknown}
 e - a scroll of random uselessness {unknown}
Potions
 c - a potion of attraction {unknown}

Dungeon Overview and Level Annotations

Branches:
Dungeon (1/15)

Altars:

▒.▒ ▒....▒.....[ ▒.▒
▒....▒...... ▒.▒ ▒...........
..▒▒▒▒▒▒▒▒▒ ▒▒....▒......
.........▒▒▒▒▒▒▒▒▒▒▒............
.........(...(.(................
.........▒▒▒▒▒▒▒▒▒..............
.......).▒▒▒▒▒▒▒...▒▒▒▒▒........
.........▒....Kp.▒▒▒▒▒▒▒...▒▒▒▒.
.............▒▒▒▒▒▒.......▒.....
..............K.......▒▒..▒.....
......................▒▒..▒.....
......................▒▒..▒.....
..▒▒▒▒........▒▒..▒▒▒.▒..▒▒.....
.▒▒▒▒▒▒▒▒▒.........▒▒.▒((÷K.....
▒.....▒▒.....▒▒▒..▒.▒K▒▒▒▒.▒▒▒
▒.....▒▒.>...▒ ▒▒.▒.▒.▒ ▒..▒


You could see a kobold (corona).


Message History

The kobold throws a stone.
The stone hits you but does no damage.
You see here a stone.
Your magical contamination has completely faded away.
The frilled lizard closely misses you.
You barely miss the frilled lizard. The frilled lizard barely misses you.
You barely miss the frilled lizard.
The frilled lizard bites you but does no damage.
You miss the frilled lizard. The frilled lizard closely misses you.
You barely miss the frilled lizard.
The frilled lizard completely misses you.
You hit the frilled lizard.
You kill the frilled lizard!
You barely miss the kobold. The kobold barely misses you.
Aiming: Corona (safe; 9% risk of failure)
Aim: a kobold (chance to affect: 61%)
The kobold is outlined in light.
The kobold hits you.
* * * LOW HITPOINT WARNING * * *
You barely miss the kobold. The kobold misses you.
You hit the kobold but do no damage. The kobold hits you.
* * * LOW HITPOINT WARNING * * *
You barely miss the kobold. The kobold hits you.
You die...

Action                   || total
-------------------------++-------
Melee: Dagger            ||    43
 Cast: Corona            ||    13
 Stab: Sleeping          ||     2
Armor: Robe              ||    11
Dodge: Dodged            ||    45

Levels and vault maps discovered:
D:1:      nzn_arrival_depleted_hourglass, layout_rooms, nrook_mini_vaults,
          corner_web_ring

Notes
Turn   | Place    | Note
-------+----------+-------------------------------------------
     0 | D:1      | sanka the Halfling Enchanter began the quest for the Orb.
     0 | D:1      | Reached XP level 1. HP: 11/11 MP: 3/3
   343 | D:1      | Reached XP level 2. HP: 3/17 MP: 1/4
   638 | D:1      | Learned a level 2 spell: Ensorcelled Hibernation
   735 | D:1      | Reached skill level 2 in Spellcasting
   769 | D:1      | Slain by a kobold

Vanquished Creatures
  2 bats (D:1)
  A giant cockroach (D:1)
  A goblin (D:1)
  2 hobgoblins (D:1)
  A frilled lizard (D:1)
  3 kobolds (D:1)
  4 rats (D:1)
14 creatures vanquished.

Table legend: (Time is in decaauts)
 A = Elapsed time spent in this place.
 B = Non-inter-level travel time spent in this place.
 C = Inter-level travel time spent in this place.
 D = Time resting spent in this place.
 E = Time spent auto-exploring this place.
 F = Levels seen in this place.
 G = Mean time per level.
                   A        B        C        D        E       F      G
               +--------+--------+--------+--------+--------+-----+--------+
         Total |    766 |    766 |      0 |    448 |    137 |   1 |  766.0 |
       Dungeon |    766 |    766 |      0 |    448 |    137 |   1 |  766.0 |
               +--------+--------+--------+--------+--------+-----+--------+

Top non-repeatable levels by time:
     D:1: 766 daAuts
